Map: Abyssal Reef LE

Players

TRUE

  • Race: Zerg Zerg
  • Spawn Location: 11:00

Nerchio - Winner!

  • Race: Zerg Zerg
  • Spawn Location: 5:00

Event: WCS Austin 2017

VOD

Have the link to the VOD?

Description

Time

  • Played on: April 30, 2017, 1:58 p.m.
  • Length: 25:04

All games in this series

Show
View Real Time Build Order
Export as new Build Order

TRUE Zerg 

Build Orders: Pool First 

Get SALT Encoding   

  12  0:00  Drone  
  13  0:11  Extractor  
  12  0:24  Spawning Pool  
  12  0:28  Drone  
  12  0:34  Drone  
  13  0:38  Drone  
  14  0:50  Overlord  
  14  1:12  Metabolic Boost  
  14  1:13  Zergling x2  
  14  1:17  Queen  
  17  1:22  Zergling x2  
  18  1:25  Zergling x2  
  18  1:29  Zergling x2  
  20  1:49  Zergling x4  
  22  1:57  Overlord  
  22  2:03  Spine Crawler  
  22  2:07  Zergling x2  
  22  2:15  Queen  
  24  2:17  Zergling x2  
  25  2:27  Zergling x4  
  27  2:30  Zergling x2  
  27  2:34  Zergling x2  
  25  2:50  Zergling x2  
  26  2:53  Zergling x2  
  27  3:00  Zergling x6  
  30  3:08  Overlord  
  30  3:18  Zergling x2  
  27  3:27  Zergling x2  
  26  3:31  Zergling x4  
  29  3:34  Zergling x2  
  29  3:39  Zergling x2  
  26  3:50  Zergling x2  
  26  3:58  Hatchery  
  26  4:00  Zergling x2  
  25  4:06  Zergling x6  
  25  4:13  Zergling x2  
  26  4:24  Zergling x2  
  26  4:33  Queen  
  26  4:35  Drone  
  29  4:46  Drone  
  30  4:56  Drone  
  30  4:59  Drone x3  
  33  5:09  Drone  
  33  5:10  Drone  
  35  5:20  Drone  
  36  5:22  Drone  
  39  5:28  Drone x2  
  39  5:29  Drone  
  39  5:31  Drone  
  39  5:33  Drone  
  42  5:42  Overlord  
  41  5:47  Drone  
  39  5:59  Drone x2  
  39  6:00  Drone  
  40  6:04  Drone  
  40  6:06  Drone x2  
  40  6:07  Drone x2  
  40  6:09  Drone  
  40  6:10  Drone  
  46  6:18  Queen  
  46  6:20  Drone  
  46  6:21  Drone  
  46  6:24  Drone x2  
  51  6:27  Overlord  
  51  6:34  Evolution Chamber  
  51  6:38  Drone  
  51  6:46  Roach Warren  
  50  6:49  Zergling x2  
  51  6:58  Drone x5, Lair  
  51  6:59  Drone x3  
  51  7:00  Drone  
  59  7:06  Extractor  
  58  7:09  Extractor  
  58  7:11  Drone x2  
  56  7:20  Zerg Missile Weapons Level 1  
  56  7:24  Extractor  
  56  7:25  Overlord  
  56  7:28  Overlord  
  55  7:33  Evolution Chamber  
  54  7:38  Roach x2  
  54  7:42  Roach  
  59  7:46  Roach  
  59  7:48  Roach  
  59  7:50  Overlord  
  63  7:52  Roach  
  63  7:54  Overlord, Roach  
  63  7:57  Roach  
  69  8:00  Roach  
  69  8:04  Overlord  
  69  8:05  Drone x3  
  73  8:09  Glial Reconstitution  
  74  8:19  Roach x2  
  78  8:21  Roach x2  
  78  8:22  Roach x2, Hatchery  
  78  8:25  Roach  
  87  8:27  Overlord  
  87  8:29  Roach  
  87  8:32  Roach  
  87  8:33  Roach  
  93  8:37  Overseer  
  93  8:45  Drone x2  
  95  8:54  Zerg Ground Armor Level 1  
  95  8:58  Overlord  
  95  9:03  Drone x6  
  101  9:11  Overlord  
  101  9:15  Roach  
  103  9:19  Overlord  
  103  9:20  Roach x2  
  103  9:22  Roach x2  
  111  9:31  Roach x3  
  117  9:35  Roach x2  
  117  9:37  Roach  
  123  9:44  Roach Warren, Roach  
  123  9:45  Roach  
  126  9:47  Roach x2  
  126  9:49  Roach  
  126  9:50  Roach  
  126  9:51  Zerg Missile Weapons Level 2  
  134  9:55  Roach  
  134  9:57  Overlord  
  134  9:58  Overlord  
  137  10:01  Overlord  
  137  10:03  Drone  
  137  10:04  Overlord  
  138  10:07  Overlord  
  138  10:12  Extractor x2  
  138  10:13  Infestation Pit  
  135  10:14  Drone x3  
  135  10:18  Drone x5  
  135  10:21  Drone  
  144  10:24  Drone  
  145  10:28  Hatchery  
  145  10:29  Drone  
  145  10:33  Drone x3  
  148  10:38  Overlord  
  148  10:45  Overlord, Burrow  
  148  10:52  Pathogen Glands  
  148  10:59  Overlord  
  148  11:02  Overseer  
  148  11:10  Overlord  
  148  11:20  Infestor x4  
  156  11:26  Infestor  
  156  11:28  Drone, Extractor  
  156  11:29  Drone x4  
  156  11:30  Roach x3  
  156  11:31  Roach x2  
  172  11:35  Overlord  
  172  11:41  Roach x3  
  172  11:47  Zerg Ground Armor Level 2  
  172  11:53  Roach x5  
  182  11:55  Roach x2  
  182  11:58  Roach x2  
  182  11:59  Roach  
  182  12:01  Roach  
  194  12:02  Roach  
  194  12:03  Roach  
  194  12:04  Roach  
  200  12:14  Roach x3  
  200  12:17  Roach Warren  
  189  12:47  Hatchery  
  188  12:55  Overseer, Spine Crawler  
  188  12:57  Spine Crawler  
  188  12:58  Ravager x8, Tunneling Claws  
  190  13:01  Hive  
  198  13:05  Roach x2  
  198  13:06  Roach  
  198  13:11  Overlord, Overseer  
  198  13:12  Pneumatized Carapace  
  200  13:43  Hatchery  
  197  14:19  Roach x2  
  173  14:31  Roach  
  173  14:32  Roach x8  
  173  14:36  Roach x6  
  173  14:37  Roach x5  
  200  14:38  Roach  
  200  14:41  Roach  
  200  14:44  Roach  
  200  14:45  Zerg Missile Weapons Level 3, Roach  
  186  14:48  Roach  
  186  14:49  Roach x6  
  200  15:32  Unknown x7  
  200  15:33  Unknown  
  200  15:53  Unknown  
  198  16:08  Roach  
  200  16:22  Roach  
  200  16:24  Roach  
  186  16:28  Roach x13  
  186  16:29  Roach  
  186  16:30  Roach x6  
  184  16:33  Roach x4  
  184  16:35  Roach  
  184  16:37  Roach x7  
  184  16:38  Roach x8  
  184  16:39  Roach x3  
  198  16:40  Roach x4  
  198  16:41  Roach  
  198  16:42  Roach x2  
  198  16:43  Roach x2  
  198  16:45  Roach x3  
  198  16:46  Roach x2  
  195  16:48  Roach  
  195  16:51  Roach  
  195  16:52  Roach  
  195  16:53  Roach x3  
  199  17:03  Ravager  
  200  17:12  Hatchery  
  199  17:19  Roach  
  199  17:20  Roach x2  
  199  17:25  Zerg Ground Armor Level 3  
  199  17:28  Roach  
  197  17:30  Roach  
  197  17:32  Roach  
  197  17:33  Roach  
  197  17:34  Roach x2, Ultralisk Cavern  
  197  17:36  Roach  
  200  17:39  Roach  
  190  17:45  Unknown  
  190  17:46  Unknown  
  190  17:47  Roach x9  
  190  17:51  Roach x5  
  200  17:57  Roach  
  200  18:19  Roach x32  
  192  18:22  Roach  
  192  18:23  Roach x4  
  192  18:24  Chitinous Plating  
  200  18:33  Roach x2  
  198  18:34  Roach x8  
  198  18:36  Roach x7  
  198  18:40  Roach x4  
  199  18:45  Roach  
  187  18:48  Ultralisk x2  
  187  18:54  Roach  
  195  18:56  Ultralisk  
  195  18:59  Ultralisk  
  195  19:03  Unknown  
  195  19:04  Unknown x8  
  195  19:07  Roach x2  
  199  19:10  Roach  
  199  19:13  Roach x2  
  199  19:16  Roach x5  
  199  19:17  Roach  
  199  19:18  Roach x3  
  199  19:19  Roach x3  
  199  19:20  Ultralisk  
  199  19:21  Roach x13  
  199  19:23  Roach  
  191  19:25  Roach x6  
  191  19:26  Roach x8  
  191  19:27  Roach x3  
  191  19:28  Roach  
  192  19:31  Roach x2  
  192  19:32  Roach  
  192  19:34  Roach  
  192  19:36  Roach  
  187  19:43  Roach x3  
  187  19:44  Roach  
  173  19:49  Infestor x3  
  173  19:50  Roach x3  
  183  19:55  Ultralisk  
  183  19:58  Roach  
  185  20:03  Infestor  
  187  20:13  Hatchery  
  186  20:19  Infestor x2  
  190  20:21  Roach x44  
  190  20:29  Infestor x3  
  190  20:30  Infestor  
  190  20:31  Roach  
  200  21:17  Roach  
  178  21:18  Roach  
  178  21:20  Roach x34  
  178  21:21  Roach  
  164  21:26  Roach  
  164  21:27  Roach x12  
  190  21:33  Roach x3  
  190  21:36  Roach x2  
  200  21:58  Roach  
  200  22:01  Roach  
  170  22:06  Roach x9  
  170  22:07  Roach  
  170  22:08  Roach x22  
  178  22:10  Roach  
  178  22:13  Roach  
  178  22:16  Roach  
  170  22:30  Roach x2  
  170  22:31  Roach  
  170  22:32  Roach  
  170  22:33  Roach  
  124  22:38  Roach x2  
  124  22:41  Roach  
  124  22:44  Roach  
  96  22:51  Roach  
  96  22:54  Roach  
  86  23:01  Extractor x2  
  82  23:06  Zergling x24  
  82  23:07  Zergling x12  
  100  23:13  Hatchery  
  99  23:30  Roach x16  
  71  24:07  Zergling x2  
  71  24:08  Zergling x28  
  76  24:12  Roach x5  
  76  24:15  Roach  
  68  24:19  Roach x2  
  68  24:21  Roach x2  
  76  24:26  Roach  
  76  24:28  Roach  
  79  24:36  Roach  
  80  24:38  Roach  
  80  24:43  Roach  
Show
View Real Time Build Order
Export as new Build Order

Nerchio Zerg - Winner!

Build Orders: Pool First 

Get SALT Encoding   

  12  0:00  Drone  
  13  0:14  Extractor  
  12  0:24  Spawning Pool  
  12  0:28  Drone  
  12  0:33  Drone  
  13  0:39  Drone  
  14  0:51  Overlord  
  14  1:11  Zergling x6  
  16  1:14  Metabolic Boost  
  17  1:22  Zergling x2  
  18  1:33  Zergling x2  
  18  1:36  Baneling Nest  
  18  1:43  Zergling x2  
  19  1:51  Queen  
  21  2:01  Overlord  
  21  2:05  Drone  
  22  2:20  Drone  
  23  2:27  Queen  
  25  2:37  Zergling x2  
  26  2:39  Drone  
  24  2:48  Drone  
  24  2:49  Baneling  
  25  2:58  Drone  
  25  3:00  Drone x3  
  25  3:01  Baneling  
  28  3:21  Zergling x2  
  28  3:26  Zergling x2  
  28  3:34  Zergling x4  
  29  3:35  Hatchery  
  27  3:41  Zergling x2  
  27  3:43  Zergling x2  
  27  3:45  Baneling  
  27  3:48  Zergling x2  
  27  3:54  Queen  
  29  3:59  Zergling x2  
  29  4:07  Baneling x2  
  29  4:08  Drone  
  27  4:19  Drone  
  26  4:30  Drone, Queen  
  29  4:41  Drone  
  30  4:46  Drone  
  31  4:53  Zergling x2  
  31  4:57  Hatchery  
  31  4:58  Zergling x2  
  32  5:05  Zergling x6  
  35  5:09  Overlord  
  35  5:19  Overlord  
  34  5:22  Baneling  
  34  5:24  Baneling  
  34  5:37  Zergling x2  
  34  5:38  Zergling x6  
  34  5:39  Zergling x8  
  42  5:44  Baneling  
  42  5:45  Drone  
  42  5:48  Drone  
  43  5:57  Hatchery  
  43  5:58  Drone, Overlord  
  42  6:04  Drone x2  
  42  6:06  Overlord  
  42  6:15  Drone  
  43  6:20  Overlord  
  43  6:23  Drone  
  43  6:24  Hatchery  
  42  6:26  Baneling x2  
  42  6:27  Drone  
  42  6:30  Drone  
  42  6:32  Drone  
  45  6:37  Drone x2  
  45  6:39  Drone  
  47  6:42  Drone  
  48  6:48  Zergling x6  
  50  6:58  Zergling x2  
  50  6:59  Zergling x6, Evolution Chamber  
  53  7:03  Drone  
  53  7:09  Roach Warren  
  53  7:10  Drone x2  
  53  7:12  Drone  
  54  7:15  Drone x2  
  54  7:18  Drone  
  54  7:20  Drone  
  58  7:24  Baneling  
  58  7:27  Lair  
  58  7:31  Extractor  
  58  7:32  Zerg Missile Weapons Level 1, Extractor  
  58  7:33  Drone  
  58  7:35  Drone  
  58  7:38  Drone  
  58  7:39  Drone  
  58  7:40  Drone  
  58  7:42  Drone  
  62  7:45  Drone  
  62  7:48  Overlord  
  62  7:56  Roach  
  62  7:57  Roach x2  
  68  7:59  Roach  
  68  8:04  Overlord  
  68  8:05  Overlord  
  70  8:08  Roach  
  70  8:11  Roach  
  74  8:13  Roach  
  74  8:16  Roach  
  78  8:22  Roach  
  78  8:23  Roach x2  
  78  8:26  Overseer  
  84  8:27  Glial Reconstitution  
  84  8:29  Roach  
  84  8:31  Roach  
  88  8:37  Drone, Extractor  
  88  8:38  Drone x2  
  88  8:39  Roach  
  92  8:42  Overlord  
  92  8:45  Overlord  
  92  8:47  Overlord  
  92  8:56  Overlord x2  
  92  9:03  Roach x3  
  92  9:04  Roach  
  100  9:12  Roach x3  
  106  9:20  Evolution Chamber  
  106  9:21  Drone  
  106  9:22  Drone x5  
  109  9:31  Zerg Missile Weapons Level 2  
  109  9:32  Roach x2  
  109  9:36  Ravager x2  
  109  9:37  Ravager x2  
  117  9:42  Infestation Pit  
  117  9:44  Extractor  
  115  9:51  Drone x3  
  115  9:52  Extractor  
  117  10:00  Drone  
  117  10:08  Roach  
  117  10:09  Roach x8  
  135  10:16  Zerg Ground Armor Level 1  
  135  10:18  Ravager, Overlord  
  135  10:20  Overlord  
  136  10:22  Overlord  
  136  10:25  Overlord  
  136  10:27  Overlord  
  136  10:38  Roach x5  
  136  10:40  Roach  
  136  10:42  Roach  
  150  10:51  Infestor  
  150  10:53  Infestor  
  150  10:56  Overlord  
  154  10:58  Roach x3  
  160  11:11  Hatchery  
  159  11:14  Roach x3  
  159  11:16  Roach  
  159  11:18  Overseer  
  167  11:21  Ravager x3  
  167  11:22  Roach  
  172  11:26  Roach x2  
  172  11:29  Roach  
  172  11:31  Roach  
  180  11:33  Roach  
  180  11:37  Drone x2  
  180  11:38  Drone  
  180  11:39  Drone  
  186  11:44  Overlord  
  186  11:48  Pneumatized Carapace  
  186  11:52  Overlord x2  
  185  12:05  Roach x4  
  193  12:13  Roach  
  193  12:14  Roach x3  
  199  12:17  Infestor  
  199  12:20  Overseer  
  194  12:23  Overseer  
  193  12:32  Drone x3  
  193  12:33  Drone, Spine Crawler  
  193  12:36  Drone x3  
  193  12:37  Drone  
  195  12:38  Hive  
  195  12:43  Drone x4  
  199  12:46  Burrow  
  199  12:50  Drone  
  200  12:56  Extractor, Spine Crawler  
  200  12:58  Overseer, Spine Crawler  
  197  13:14  Zerg Ground Armor Level 2  
  197  13:17  Spine Crawler  
  197  13:18  Spine Crawler  
  197  13:19  Spine Crawler  
  194  13:33  Roach x3, Hydralisk Den  
  199  13:34  Unknown  
  199  13:43  Tunneling Claws  
  197  14:03  Spine Crawler x2  
  185  14:17  Roach  
  185  14:18  Roach x3  
  185  14:29  Roach x11  
  185  14:30  Roach x3  
  190  14:38  Roach  
  154  14:39  Roach x10  
  154  14:43  Roach  
  168  14:45  Roach  
  168  14:48  Roach x2  
  168  14:51  Roach  
  163  14:54  Roach  
  163  14:55  Roach  
  163  14:58  Roach  
  169  15:00  Roach  
  169  15:03  Infestor  
  169  15:05  Infestor  
  169  15:06  Roach x43  
  173  15:11  Infestor x2  
  177  15:15  Infestor  
  179  15:23  Roach x3  
  179  15:27  Ravager x4, Roach  
  191  15:33  Roach x2  
  191  15:35  Roach  
  197  15:40  Roach  
  199  15:57  Roach  
  199  16:07  Roach Warren  
  127  16:46  Roach x12  
  127  16:47  Roach x19  
  117  16:48  Roach x16  
  117  16:51  Muscular Augments  
  117  16:52  Hydralisk x3  
  177  17:06  Hatchery  
  177  17:08  Roach x3  
  182  17:10  Roach  
  182  17:14  Infestor  
  186  17:20  Infestor x2  
  186  17:22  Roach  
  192  17:25  Roach  
  194  17:36  Roach x3  
  192  17:46  Roach  
  192  17:47  Roach x5  
  192  17:51  Roach x2  
  190  17:53  Roach  
  190  17:57  Roach  
  194  18:02  Roach  
  194  18:04  Roach x2  
  198  18:11  Infestor x2  
  200  18:17  Roach x2  
  199  18:26  Overseer  
  199  18:29  Roach x2  
  199  18:30  Roach x2  
  199  18:31  Roach x2  
  193  18:45  Roach x5  
  197  18:58  Roach x2  
  199  19:13  Roach x3  
  199  19:14  Roach x5  
  199  19:15  Roach x2  
  199  19:16  Roach x2  
  193  19:19  Roach  
  193  19:20  Roach x2  
  193  19:21  Roach  
  193  19:23  Roach  
  187  19:27  Roach  
  187  19:29  Roach x2  
  189  19:34  Roach  
  189  19:35  Roach  
  183  19:41  Hydralisk  
  183  19:42  Hydralisk  
  176  19:47  Roach x41  
  176  19:48  Hydralisk x2  
  176  19:50  Hydralisk  
  173  20:02  Lurker Den  
  173  20:07  Ravager x6  
  173  20:09  Hydralisk x3  
  185  20:16  Hydralisk x2  
  189  20:22  Hydralisk x2  
  189  20:24  Hydralisk  
  189  20:25  Overseer  
  189  20:27  Hydralisk  
  197  20:33  Hydralisk  
  199  20:38  Unknown x4  
  199  20:43  Spine Crawler  
  199  20:44  Spine Crawler  
  197  20:55  Extractor  
  197  20:56  Hydralisk x2  
  200  21:00  Spine Crawler  
  200  21:01  Spine Crawler x2  
  181  21:28  Lurker x10  
  181  21:30  Roach x3  
  197  21:33  Roach  
  197  21:35  Extractor  
  197  21:36  Roach  
  198  21:56  Roach  
  198  21:57  Roach x7  
  198  22:00  Roach, Infestor x3  
  190  22:01  Roach  
  190  22:03  Roach  
  190  22:06  Roach  
  187  22:12  Roach x3  
  193  22:19  Roach x3  
  199  22:29  Roach  
  191  22:30  Roach x3  
  191  22:31  Roach  
  170  22:38  Roach x2  
  162  22:47  Roach x3  
  162  22:50  Roach  
  150  22:54  Roach x31  
  150  22:57  Roach x2  
  154  23:01  Roach  
  154  23:02  Roach  
  154  23:05  Roach  
  158  23:08  Extractor  
  158  23:12  Roach x2  
  161  23:13  Roach  
  161  23:14  Roach  
  161  23:16  Roach  
  169  23:20  Roach  
  169  23:23  Roach  
  169  23:26  Hatchery  
  170  23:27  Roach  
  172  23:35  Roach x2  
  172  23:36  Roach  
  172  23:41  Roach x2  
  176  23:46  Roach  
  176  23:48  Roach  
  180  23:52  Roach  
  180  23:53  Roach  
  172  23:59  Roach x2  
  174  24:07  Roach x2  
  174  24:10  Roach  
  174  24:12  Roach  
  174  24:15  Drone x5  
  174  24:16  Drone  
  182  24:17  Roach  
  182  24:18  Roach  
  182  24:21  Roach  
  190  24:24  Roach  
  190  24:28  Roach  
  192  24:37  Extractor  
  191  24:42  Roach x3  
  199  24:55  Spine Crawler x2  
  199  24:56  Spine Crawler  
Tags
 
Add a new tag
Caveats
  • Supply blocks, unpowered buildings, or Contaminate may cause inaccurate times.
  • Supply counts are checked every 10 seconds.